 Dungeon Crawl Stone Soup version 0.31.0-32-g396128a36d (webtiles) character file.

Game seed: 4655536382635709431

5054 hawla the Scorcher (level 10, -7/50 HPs)
             Began as a Deep Elf Fire Elementalist on Apr 16, 2024.
             Was a Believer of Vehumet.
             Mangled by an orc knight
             ... wielding a +0 bardiche
              (30 damage)
             ... in a bailey.
             The game lasted 00:20:49 (10204 turns).

hawla the Scorcher (Deep Elf Fire Elementalist)    Turns: 10204, Time: 00:20:50

Health: -7/50      AC:  5    Str: 10    XL:     10   Next: 31%
Magic:  14/16      EV: 12    Int: 25    God:    Vehumet [**....]
Gold:   1156       SH:  0    Dex: 15    Spells: 8/15 levels left

rFire   . . .        f - +3 dagger of the Red Skies {elec, rN+ Str+5}
rCold   . . .        (no shield)
rNeg    + . .        a - +0 robe
rPois   .            (no helmet)
rElec   .            (no cloak)
rCorr   .            (no gloves)
SInv    .            p - +0 pair of boots
Will    +++..        q - amulet of the acrobat
Stlth   ++           e - ring of willpower
HPRegen 0.28/turn    g - ring of willpower
MPRegen 0.15/turn

%: acrobat
@: studying Staves
A: iridescent scales 1
a: Renounce Religion


You were in a bailey.
You worshipped Vehumet.
Vehumet was pleased with you.
You visited 2 branches of the dungeon, and saw 10 of its levels.
You also visited: Sewer and Bailey.

You collected 1303 gold pieces.
You spent 147 gold pieces at shops.

Inventory:

Hand Weapons
 f - the +3 dagger of the Red Skies (weapon) {elec, rN+ Str+5}
   (You found it on level 2 of the Dungeon)

   Str+5:     It affects your strength (+5).
   rN+:       It protects you from negative energy.
Armour
 a - a +0 robe (worn)
 p - a +0 pair of boots (worn)
Jewellery
 e - a ring of willpower (left hand)
 g - a ring of willpower (right hand)
 q - an amulet of the acrobat (around neck)
Wands
 b - a wand of charming (13) (quivered)
 c - a wand of flame (19)
 i - a wand of roots (3)
 o - a wand of digging (6)
Scrolls
 l - a scroll of amnesia
 t - a scroll of revelation
 v - a scroll of vulnerability
 w - a scroll of enchant armour {unknown}
Potions
 d - 2 potions of enlightenment
 j - a potion of curing {unknown}
 k - a potion of degeneration
 n - 4 potions of attraction
 u - a potion of brilliance {unknown}
 A - a potion of ambrosia {unknown}


   Skills:
 - Level 2.4 Dodging
 - Level 2.4 Stealth
 - Level 3.0 Spellcasting
 - Level 1.1 Conjurations
 + Level 16.6 Fire Magic


You had 8 spell levels left.
You knew the following spells:

 Your Spells              Type           Power      Damage    Failure   Level
a - Foxfire               Conj/Fire      100%       2x1d9     1%          1
b - Scorch                Fire           100%       2d9       0%          2
c - Flame Wave            Conj/Fire      48%        2d12      2%          4

Your spell library contained the following spells:

 Spells                   Type           Power      Damage    Failure   Level
 Mercury Vapours          Alch/Air       6%         N/A       16%         2
 Inner Flame              Hex/Fire       45%        N/A       1%          3
 Volatile Blastmotes      Fire/Tloc      90%        2d17      1%          3
 Ignite Poison            Fire/Alch      45%        N/A       3%          4
 Magic Dart               Conj           36%        1d4       6%          1
 Kiss of Death            Conj/Necr      24%        2d7       9%          1
 Sting                    Conj/Alch      24%        1d4       9%          1
 Apportation              Tloc           6%         N/A       10%         1
 Necrotise                Necr           12%        1d4       10%         1
 Slow                     Hex            12%        N/A       10%         1
 Summon Small Mammal      Summ           12%        N/A       10%         1
 Blink                    Tloc           6%         N/A       16%         2
 Call Imp                 Summ           6%         N/A       16%         2
 Cigotuvi's Dreadful Rot  Necr/Alch/Air  6%         N/A       16%         2
 Sublimation of Blood     Necr           3%         N/A       16%         2
 Confusing Touch          Hex            3%         N/A       30%         3
 Sigil of Binding         Hex            3%         N/A       30%         3
 Summon Ice Beast         Ice/Summ       3%         N/A       30%         3
 Vampiric Draining        Necr           3%         2d6       30%         3
 Dispel Undead            Necr           3%         3d7       69%         4
 Petrify                  Alch/Erth      3%         N/A       69%         4
 Irradiate                Conj/Alch      3%         3d12      92%         5
 Freezing Cloud           Conj/Ice/Air   2%         6-21      94%         5
 Summon Mana Viper        Hex/Summ       3%         N/A       95%         5
 Monstrous Menagerie      Summ           1%         N/A       100%        7


Dungeon Overview and Level Annotations

Branches:
Dungeon (9/15)             Temple (1/1) D:4            Lair (0/5) D:9
  Sewer (visited)          Bailey (1/1)
    Orc: D:9-12

Altars:
Ashenzari
Cheibriados
Fedhas
Gozag
Hepliaklqana
Kikubaaqudgha
Makhleb
Nemelex Xobeh
Okawaru
Qazlal
Ru
Sif Muna
Uskayaw
Vehumet
Wu Jian
Xom
Yredelemnul
Zin
The Shining One

Shops:
D:2 *


Innate Abilities, Weirdness & Mutations

You are partially covered in iridescent scales. (AC +2)


Message History

Casting: Foxfire (safe; 1% risk of failure)
Confirm with . or Enter, or press ? or * to list all spells.
You can't see any susceptible monsters within range! (Use Z to cast anyway.) Unknown command.
Casting: Foxfire (safe; 1% risk of failure)
Confirm with . or Enter, or press ? or * to list all spells.
You can't see any susceptible monsters within range! (Use Z to cast anyway.)
Aiming: Fastroot
Press: ? - help, Shift-Dir - straight line, f/p - orc knight
Aim: an orc knight, wielding a +0 bardiche and wearing a +0 scale mail (moderately wounded, ally target)
The roots erupt in riotous growth!
Roots grab the orc knight.
The grasping roots constrict the orc knight.
The roots lose their grip on the orc knight.
The foxfire hits the orc knight!
The orc knight is moderately wounded.
The foxfire hits the orc knight but does no damage.
The orc knight is moderately wounded.
Aiming: Fastroot
Press: ? - help, Shift-Dir - straight line, f/p - orc knight
Aim: an orc knight, wielding a +0 bardiche and wearing a +0 scale mail (moderately wounded)
The roots erupt in riotous growth!
Roots grab the orc knight.
The grasping roots constrict the orc knight, but do no damage.
Casting: Foxfire (safe; 1% risk of failure)
Confirm with . or Enter, or press ? or * to list all spells.
You conjure some foxfire!
The grasping roots constrict the orc knight!
The roots release their grip on the orc knight.
The foxfire hits the orc knight.
The orc knight is heavily wounded.
The foxfire hits the orc knight.
The orc knight is heavily wounded.
The orc knight hits you with a +0 bardiche!!
Ouch! That really hurt!
You hit the orc knight but do no damage.
The orc knight is heavily wounded.
The orc knight hits you with a +0 bardiche!!
Ouch! That really hurt!
You die...

...........##.####o####.##.......
............#..##∩)∩##..##.......
............##..#'o'##...........
.............##.....##...........
.....≈≈)≈≈≈...##....##....≈≈≈.≈≈.
....≈≈#)##≈....#######....≈##)#≈≈
....≈##.∩#≈...............≈#∩)##≈
....≈#.........§...............#≈
....≈##.##≈....§@o........≈##.##≈
....≈≈###≈≈...§...........≈≈###≈≈
.....≈≈≈≈≈.................≈≈≈≈≈.
.................................
.................................
.................................
.................................
#################################


You could see an orc knight.

Vanquished Creatures
  An orc knight (Bailey)
  3 yaks (D:8)
  Menkaure (D:5)
  2 water moccasins
  Pargi (Sewer)
  2 sky beasts
  2 black bears
  2 ice beasts
  5 orc warriors
  2 ogres
  5 centaurs
  A phantom (D:5)
  A brain worm (Sewer)
  4 bullfrogs
  A gnoll sergeant (D:8)
  4 scorpions
  3 wights (D:8)
  9 killer bees
  A howler monkey (D:8)
  4 bombardier beetles
  A hound (D:7)
  A jelly (D:7)
  4 orc priests
  A sleepcap (D:7)
  Jessica (D:2)
  6 iguanas
  5 orc wizards
  5 gnolls
  6 adders
  A shadow imp (D:6)
  A white imp (D:5)
  4 ufetubi
  2 dart slugs
  3 ribbon worms
  38 orcs
  5 endoplasms
  6 giant cockroaches
  11 goblins
  7 hobgoblins
  7 jackals
  5 kobolds
  7 quokkas
  10 ball pythons
  6 bats
  4 frilled lizards
  5 rats
206 creatures vanquished.

Vanquished Creatures (others)
  514 foxfires
514 creatures vanquished.

Grand Total: 720 creatures vanquished

Notes
Turn   | Place    | Note
-------+----------+-------------------------------------------
     0 | D:1      | hawla the Deep Elf Fire Elementalist began the quest for
                  | the Orb.
     0 | D:1      | Reached XP level 1. HP: 10/10 MP: 6/6
   344 | D:1      | Reached XP level 2. HP: 15/15 MP: 5/8
   373 | D:1      | Reached skill level 4 in Fire Magic
   609 | D:1      | Learned a level 2 spell: Scorch
   647 | D:1      | Reached XP level 3. HP: 19/19 MP: 6/9
  1262 | D:2      | Reached skill level 5 in Fire Magic
  1454 | D:2      | Found Onos Viz's Assorted Antiques.
  1458 | D:2      | Bought 2 lumpy amethyst potions for 48 gold pieces
  1810 | D:2      | Reached XP level 4. HP: 24/24 MP: 5/10
  1878 | D:2      | Learned a level 4 spell: Flame Wave
  2027 | D:2      | Noticed Jessica
  2033 | D:2      | Killed Jessica
  2083 | D:2      | Identified the +3 dagger of the Red Skies {elec, rN+ Str+5}
  2309 | D:2      | Found a faded altar of an unknown god.
  2587 | D:3      | Reached skill level 6 in Fire Magic
  2680 | D:3      | Reached XP level 5. HP: 24/28 MP: 4/11
  3344 | D:4      | Identified the +4 war axe "Uceniwut" {flame, rC+ Int+4}
  3476 | D:4      | Reached skill level 7 in Fire Magic
  3546 | D:4      | Identified the +0 leather armour of the Peculiar Lives
                  | {Dex+2}
  3861 | D:4      | Found a staircase to the Ecumenical Temple.
  3917 | D:4      | Found a glowing drain.
  3932 | Sewer    | Entered a sewer
  4044 | Sewer    | Noticed Pargi
  4047 | Sewer    | Killed Pargi
  4048 | Sewer    | Reached XP level 6. HP: 32/32 MP: 6/12
  4153 | Sewer    | Reached skill level 8 in Fire Magic
  4510 | Temple   | Entered the Ecumenical Temple
  4524 | Temple   | Became a worshipper of Vehumet
  4556 | D:5      | Entered Level 5 of the Dungeon
  4580 | D:5      | Gained mutation: You are partially covered in iridescent
                  | scales. (AC +2) [potion of mutation]
  4580 | D:5      | Gained mutation: Your spells are a little easier to cast,
                  | but a little less powerful. [potion of mutation]
  4580 | D:5      | Lost mutation: Your spells are a little easier to cast, but
                  | a little less powerful. [potion of mutation]
  4584 | D:5      | Reached XP level 7. HP: 12/36 MP: 0/13
  4594 | D:5      | Reached skill level 9 in Fire Magic
  4773 | D:5      | Noticed Menkaure
  4777 | D:5      | Killed Menkaure
  4901 | D:5      | Reached skill level 10 in Fire Magic
  5295 | D:5      | Reached XP level 8. HP: 41/41 MP: 6/14
  5645 | D:6      | Reached skill level 11 in Fire Magic
  5799 | D:6      | Reached skill level 12 in Fire Magic
  6053 | D:6      | Reached * piety under Vehumet
  6053 | D:6      | Offered knowledge of Shock by Vehumet.
  6624 | D:2      | Bought 2 smoky emerald potions for 48 gold pieces
  6624 | D:2      | Bought a grey potion for 24 gold pieces
  6624 | D:2      | Bought a scroll labelled WUTTUF TUNURCH for 27 gold pieces
  6745 | D:7      | Identified a scroll of acquirement
  6745 | D:7      | Acquired 805 gold pieces
  6829 | D:7      | Found a shimmering blue altar of Sif Muna.
  6842 | D:7      | Found a broken altar of Ashenzari.
  6862 | D:7      | Reached skill level 13 in Fire Magic
  6864 | D:7      | Reached XP level 9. HP: 40/45 MP: 4/15
  7394 | D:7      | Reached skill level 14 in Fire Magic
  8576 | D:8      | Reached skill level 15 in Fire Magic
  8822 | D:8      | Reached ** piety under Vehumet
  8825 | D:8      | Offered knowledge of Mercury Vapours by Vehumet.
  8826 | D:8      | Reached XP level 10. HP: 28/50 MP: 10/16
  9360 | D:9      | Reached skill level 16 in Fire Magic
  9366 | D:9      | Found an ancient bone altar of Kikubaaqudgha.
  9424 | D:9      | Found a flagged portal.
  9494 | Bailey   | Entered a bailey
  9686 | Bailey   | Noticed an orc knight
  9686 | Bailey   | Noticed an orc knight
  9885 | Bailey   | Killed an orc knight
 10204 | Bailey   | Mangled by an orc knight

Illustrated notes

Levels and vault maps discovered:
D:1:      tarquinn_simple_flora_water_a, layout_basic
D:2:      layout_loops_ring, dilly_ecumenical_altar_fadedgnrine, serial_shops,
          shop, uniq_jessica
D:3:      layout_loops_cross
D:4:      layout_basic, minmay_temple_entry_statues_pillars,
          gup_sewer_entry_pipe
D:5:      layout_loops_cross, uniq_menkaure
D:6:      nicolae_whirlpool, layout_rooms, kennysheep_pointless_box,
          minmay_manual_mares
D:7:      layout_cave_pods, mainiacjoe_overflow_catwalk_spiral
D:8:      layout_gridville, serial_glass, glass_columns_a, glass_columns_a
D:9:      layout_roguey [special_room_orc], trog_hazing_becter,
          grunt_dithmenos_shadows, mainiacjoe_overflow_catwalk, serial_shops,
          nicolae_shop_mannequins, nicolae_shop_real_fake_doors,
          lightli_bailey_entry_fortress, nicolae_elevator_lobby_plus
Temple:   compressed_dpeg_triangle_lava_temple
Bailey:   bailey_polearm_2, bailey

Skill      XL: |  1  2  3  4  5  6  7  8  9 10 |
---------------+-------------------------------+-----
Fire Magic     | 4 5 6 7 8 10 13 15 16 | 16.6
Dodging        | |  2.4
Stealth        | |  2.4
Spellcasting   | |  3.0
Conjurations   | |  1.1

Action                     |  1- 3 |  4- 6 |  7- 9 | 10-12 || total
---------------------------+-------+-------+-------+-------++-------
  Melee: Unarmed           |     3 |       |       |       ||     3
         Dagger            |       |    17 |    18 |     2 ||    37
   Cast: Foxfire           |    53 |    55 |   114 |    67 ||   289
         Scorch            |    16 |    26 |    32 |    18 ||    92
         Flame Wave        |       |     1 |    12 |     2 ||    15
  Evoke: Wand              |       |       |     1 |     7 ||     8
    Use: Potion            |     1 |     5 |     3 |     6 ||    15
         Scroll            |     2 |     4 |     6 |     6 ||    18
   Stab: Sleeping          |       |       |     1 |       ||     1
 Armour: Robe              |    17 |     8 |    47 |    36 ||   108
         Skin              |       |    20 |     7 |    11 ||    38
  Dodge: Dodged            |    15 |    10 |    33 |    48 ||   106
